 Dungeon Crawl Stone Soup version 0.28-a0-938-gbc3f381ebc (webtiles) character file.

Game seed: 10061699192416020799

138 fragbeetle the Ruffian (level 5, -10/40 HPs)
             Began as a Draconian Transmuter on Nov 29, 2021.
             Killed by divine providence
             ... invoked by an orc priest
              (11 damage)
             ... on level 3 of the Dungeon.
             The game lasted 00:14:13 (2414 turns).

fragbeetle the Ruffian (Draconian Transmuter)       Turns: 2414, Time: 00:14:14

Health: -10/40     AC:  5    Str: 14    XL:     5   Next: 1%
Magic:  9/9        EV: 12    Int: 13    God:
Gold:   48         SH:  0    Dex: 11    Spells: 7/10 levels left

rFire   . . .      SeeInvis .     - Unarmed
rCold   . . .      Faith    .   (no shield)
rNeg    . . .      Spirit   .   (armour unavailable)
rPois   .          Reflect  .   (helmet currently unavailable)
rElec   .          Harm     .   (no cloak)
rCorr   .          Rampage  .   (no gloves)
Will    .....                   (boots currently unavailable)
Stlth   +.........              (no amulet)
HPRegen 0.13/turn               (no ring)
MPRegen 0.11/turn               (no ring)

@: appendages (expiring)
A: horns 2, talons 2, AC +5, unfitting armour, cold-blooded
a: End Transformation


You were on level 3 of the Dungeon.
You had temporarily grown beastly horns and talons.
You visited 1 branch of the dungeon, and saw 4 of its levels.

You collected 48 gold pieces.

Inventory:

Hand Weapons
 b - a +0 whip
 l - a +0 spear of venom
Missiles
 e - 14 poisoned darts
 f - 55 stones
 g - 32 sling bullets
 j - 49 bolts
Armour
 a - a +0 leather armour
Scrolls
 d - a scroll of torment {unknown}
 h - a scroll of noise {unknown}
 n - 2 scrolls of enchant weapon {unknown}
 o - 2 scrolls of identify {unknown}
 q - a scroll of holy word {unknown}
Potions
 c - a potion of attraction {unknown}
 i - a potion of flight
 k - a potion of brilliance {unknown}
 m - 2 potions of curing {unknown}
 p - 3 potions of heal wounds {unknown}


   Skills:
 + Level 1.1 Fighting
 + Level 2.2 Dodging
 + Level 4.2 Unarmed Combat
 + Level 3.1 Spellcasting
 + Level 2.7 Transmutations


You had 7 spell levels left.
You knew the following spells:

 Your Spells              Type           Power      Damage    Failure   Level
a - Beastly Appendage     Tmut           18%        N/A       8%          1
b - Wereblood             Tmut           9%         N/A       11%         2

Your spell library contained the following spells:

 Spells                   Type           Power      Damage    Failure   Level
 Spider Form              Tmut/Pois      5%         N/A       36%         3
 Tukima's Dance           Hex            2%         N/A       56%         3
 Ice Form                 Ice/Tmut       5%         N/A       78%         4
 Passage of Golubria      Tloc           2%         N/A       92%         4
 Yara's Violent Unravell  Hex/Tmut       2%         3d3       98%         5


Dungeon Overview and Level Annotations

Branches:
Dungeon (4/15)
 Temple: D:4-7

Altars:
Sif Muna
Trog


Innate Abilities, Weirdness & Mutations

You have temporarily grown beastly horns and talons.
Your plain brown scales are hard. (AC +5)
You cannot fit into any form of body armour.
You are cold-blooded and may be slowed by cold attacks.


Message History

You climb downwards.
Your horns disappear.
Your talons disappear.
There is a stone staircase leading up here.
There is a stone staircase leading up here.
Found 11 gold pieces.
An orc, an orc priest and an orc wizard come into view.
Found a stone staircase leading down.
The orc priest shouts!
The orc shouts!
The orc priest looks satisfied for a moment.
You see here 11 gold pieces.
The orc wizard mumbles some strange words.
The orc wizard flickers and vanishes!
Deactivating autopickup; reactivate with Ctrl-A.
Casting: Beastly Appendage (safe; 8% risk of failure)
Confirm with . or Enter, or press ? or * to list all spells.
You grow a pair of large bovine horns.
Your feet morph into talons.
The orc closely misses you.
You completely miss the orc. Your punch misses the orc.
The orc priest mumbles some strange prayers to Beogh against you.
Beogh smites you!
You hit the orc. Your kick misses the orc.
Your tail-slap misses the orc.
The orc is moderately wounded.
The orc hits you but does no damage.
You closely miss the orc. Your headbutt misses the orc.
The orc is moderately wounded.
Your transformation is almost over.
You hear some strange, mumbled words.
A magic dart appears from out of thin air!
The magic dart hits you! The orc hits you but does no damage.
You closely miss something. Your kick misses something.
Your headbutt misses something. Something hits you.
* * * LOW HITPOINT WARNING * * *
The orc misses you.
The orc shouts!
A puff of flame appears from out of thin air!
The puff of flame hits you!
* * * LOW HITPOINT WARNING * * *
The orc priest mumbles some strange prayers to Beogh against you.
Beogh smites you!
You die...

#.# #.#.####.##### ##.##
#.#.###......#
####...#####........†##.#
#............#.####..##.#
#.##...#..............#.#
#.###.##.###.######......
#######.#............## #..####
#.....{...o..#.##.....###..#
#.#####.#.#.{.@........##..#
#o#.#.o.........).#..#
#.#####.#.#....o......<....####
#.....$..#...o..).......##.....
#>#####.#.#...##.......#####...
#...#...###.....## #...
##..#.....#....## ####
#............## #
#.##.......### #


You could see an orc priest and 3 orcs.

Vanquished Creatures
  7 adders
  2 worms (D:2)
  A dart slug (D:2)
  6 endoplasms
  5 giant cockroaches
  8 goblins
  8 hobgoblins
  7 kobolds
  3 quokkas (D:1)
  A ball python (D:2)
  4 bats
  2 frilled lizards
  13 rats
67 creatures vanquished.

Vanquished Creatures (others)
  2 plants (D:2)
2 creatures vanquished.

Grand Total: 69 creatures vanquished

Notes
Turn   | Place    | Note
-------+----------+-------------------------------------------
     0 | D:1      | fragbeetle the Draconian Transmuter began the quest for the
                  | Orb.
     0 | D:1      | Reached XP level 1. HP: 16/16 MP: 3/3
   250 | D:1      | Reached XP level 2. HP: 16/23 MP: 3/5
   560 | D:1      | Found a faded altar of an unknown god.
   870 | D:1      | Reached XP level 3. HP: 28/28 MP: 6/6
  1325 | D:2      | Reached XP level 4. HP: 19/35 MP: 8/8
  1363 | D:2      | Reached skill level 4 in Unarmed Combat
  1370 | D:2      | HP: 1/35 [poisoned by an adder]
  1702 | D:2      | Learned a level 2 spell: Wereblood
  1989 | D:3      | Found a bloodstained altar of Trog.
  2125 | D:3      | Found a shimmering blue altar of Sif Muna.
  2263 | D:3      | Reached XP level 5. HP: 34/40 MP: 7/9
  2412 | D:3      | HP: 1/40 [something/puff of flame (12)]
  2414 | D:3      | Killed from afar by an orc priest

Illustrated notes

Levels and vault maps discovered:
D:1:      sevenhm_arrival_forest_fort_small_3, layout_loops_ring,
          chequers_ecumenical_altar_simple_redux
D:2:      layout_loops_ring, corexii_shack, minmay_strange_pillars
D:3:      layout_loops_ring, mainiacjoe_overflow_alcove_2, old_standard_altar
D:4:      layout_loops_cross, mainiacjoe_overflow_catwalk

Skill      XL: |  1  2  3  4 |
---------------+-------------+-----
Dodging        | 2 |  2.2
Unarmed Combat | 4 |  4.2
Spellcasting   | 3 |  3.1
Fighting       | |  1.1
Transmutations | |  2.7

Action                   |  1- 3 |  4- 6 || total
-------------------------+-------+-------++-------
Melee: Unarmed           |   109 |    72 ||   181
       Kick              |    15 |    12 ||    27
       Headbutt          |    13 |    10 ||    23
       Tailslap          |     7 |     2 ||     9
 Cast: Beastly Appendage |    26 |    18 ||    44
       Wereblood         |       |     1 ||     1
  Use: Potion            |     1 |       ||     1
Armor: Skin              |    34 |    17 ||    51
Dodge: Dodged            |    51 |    38 ||    89

Table legend: (Time is in decaauts)
 A = Elapsed time spent in this place.
 B = Non-inter-level travel time spent in this place.
 C = Inter-level travel time spent in this place.
 D = Time resting spent in this place.
 E = Time spent auto-exploring this place.
 F = Levels seen in this place.
 G = Mean time per level.
                   A        B        C        D        E       F      G
               +--------+--------+--------+--------+--------+-----+--------+
         Total |   2408 |   2408 |      0 |    374 |    431 |   4 |  602.0 |
       Dungeon |   2408 |   2408 |      0 |    374 |    431 |   4 |  602.0 |
               +--------+--------+--------+--------+--------+-----+--------+

Top non-repeatable levels by time:
     D:1: 998 daAuts
     D:2: 881 daAuts
     D:3: 526 daAuts
     D:4: 1 daAuts
